 Dungeon Crawl Stone Soup version 0.29.1-4-g47bece8355 (webtiles) character file.

Game seed: 8446989688626644851

1 conradc the Conjurer (level 1, -1/13 HPs)
             Began as a Demonspawn Conjurer on Dec 12, 2022.
             Slain by a quokka (3 damage)
             ... on level 1 of the Dungeon.
             The game lasted 00:00:23 (117 turns).

conradc the Conjurer (Demonspawn Conjurer)           Turns: 117, Time: 00:00:23

Health: -1/13      AC:  2    Str:  7    XL:     1   Next: 16%
Magic:  2/3        EV: 12    Int: 19    God:
Gold:   12         SH:  0    Dex: 11    Spells: 3/4 levels left

rFire   . . .      SeeInvis .   (no weapon)
rCold   . . .      Faith    .   (no shield)
rNeg    . . .      Spirit   .   a - +0 robe
rPois   .          Reflect  .   (no helmet)
rElec   .          Harm     .   (no cloak)
rCorr   .          Rampage  .   (no gloves)
Will    .....                   (no boots)
Stlth   ++........              (no amulet)
HPRegen 0.04/turn               (no ring)
MPRegen 0.08/turn               (no ring)

@: no status effects
A: no striking features
a: no special abilities


You were on level 1 of the Dungeon.
You visited 1 branch of the dungeon, and saw 1 of its levels.

You collected 12 gold pieces.

Inventory:

Armour
 a - a +0 robe (worn)
Scrolls
 c - a scroll of magic mapping {unknown}


   Skills:
 * Level 1.7 Dodging
 + Level 1.7 Stealth
 * Level 2.0 Spellcasting
 * Level 4.0 Conjurations


You had 3 spell levels left.
You knew the following spells:

 Your Spells              Type           Power      Damage    Failure   Level
a - Magic Dart            Conj           68%        1d6       3%          1

Your spell library contained the following spells:

 Spells                   Type           Power      Damage    Failure   Level
 Searing Ray              Conj           34%        2d5       4%          2
 Dazzling Flash           Conj/Hex       18%        N/A       22%         3
 Fulminant Prism          Conj/Hex       4%         3d6       58%         4
 Iskenderun's Mystic Bla  Conj/Tloc      9%         2d4       58%         4


Dungeon Overview and Level Annotations

Branches:
Dungeon (1/15)

Altars:


Message History

The quokka is almost dead.
Unknown command.
Aiming: Magic Dart (safe; 3% risk of failure)
Press: ? - help, Q - select action Shift-Dir - straight line, f/p - quokka
Aim: a quokka (almost dead, 100% to hit)
You miscast Magic Dart.
You are very lightly contaminated with residual magic.
Nothing appears to happen.
The quokka attacks as you move away! The quokka bites you.
The quokka attacks as you move away! The quokka bites you. x2
Your magical contamination has completely faded away.
The quokka attacks as you move away! The quokka misses you.
The quokka twitches its whiskers.
The quokka bites you.
Aiming: Magic Dart (safe; 3% risk of failure)
Press: ? - help, Q - select action Shift-Dir - straight line, f/p - quokka
Aim: a quokka (severely wounded, 100% to hit)
The magic dart hits the quokka.
The quokka is almost dead.
The quokka misses you. The quokka barely misses you.
You barely miss the quokka.
The quokka is almost dead.
The quokka bites you.
You hit the quokka but do no damage.
The quokka is almost dead.
The quokka bites you.
* * * LOW HITPOINT WARNING * * *
You barely miss the quokka.
The quokka is almost dead.
The quokka barely misses you. The quokka attacks as you move away!
The quokka misses you. The quokka closely misses you.
Magic courses through your body. The quokka barely misses you.
Aiming: Magic Dart (safe; 3% risk of failure)
Press: ? - help, Q - select action Shift-Dir - straight line, f/p - quokka
Aim: a quokka (almost dead, 100% to hit)
The magic dart hits the quokka but does no damage.
The quokka is almost dead.
The quokka bites you.
You die...

#.# ##.##.⌠.###.♣ #.#
##.##.#.#.#.# #.#
#####..#.....#.. #.#
#..............#. #
###.####
#.##########.... #
#.##......###.### .####
##.#.............######
#
#...).#.##.#...r.......
##.#.##.##.#...@.#####
# #.##.##...........#
#.##.####.....###.#
#####.##.# #.....#
......##.# ###.....
#.######. ####### #.#
..# #.#


You could see a quokka.

Vanquished Creatures
  A bat (D:1)
1 creature vanquished.

Notes
Turn   | Place    | Note
-------+----------+-------------------------------------------
     0 | D:1      | conradc the Demonspawn Conjurer began the quest for the
                  | Orb.
     0 | D:1      | Reached XP level 1. HP: 13/13 MP: 3/3
   117 | D:1      | Slain by a quokka

Illustrated notes

Levels and vault maps discovered:
D:1:      lemuel_arrival_funnel, layout_loops_ring, grunt_decor_mini_mirrors,
          bh_walls_and_bars

Action                   || total
-------------------------++-------
Melee: Unarmed           ||     3
 Cast: Magic Dart        ||     6
  Use: Potion            ||     1
Dodge: Dodged            ||     7
